 Dungeon Crawl Stone Soup version 0.18.1-50-g88ac8fd (webtiles) character file.

4547 Chiseanne the Thaumaturge (level 10, -4/73 HPs)
             Began as a Centaur Air Elementalist on Oct 4, 2016.
             Was an Initiate of Gozag.
             Slain by an ice beast (13 damage)
             ... on level 8 of the Dungeon.
             The game lasted 00:36:21 (15264 turns).

Chiseanne the Thaumaturge (CeAE)                   Turns: 15264, Time: 00:36:22

Health: -4/73      AC:  8    Str: 12    XL:     10   Next: 17%
Magic:  6/23       EV: 10    Int: 17    God:    Gozag
Gold:   38         SH:  0    Dex:  9    Spells: 3 memorised, 21 levels left

rFire  . . .     SeeInvis +     a - +6 dagger (venom)
rCold  . . .     Gourm    .     I - +1 robe "Lasatet" {SInv}
rNeg   . . .     Faith    .     (no shield)
rPois  .         Spirit   .     r - +0 helmet
rElec  .         Dismiss  .     x - +1 cloak
rCorr  .         Reflect  .     (no gloves)
SustAt .         Harm     .     (no barding)
MR     +....                    (no amulet)
Stlth  +.........               (no ring)
                                m - ring of protection from magic

@: gold aura, very slightly contaminated, repel missiles, very quick, somewhat
resistant to hostile enchantments, very unstealthy
A: hooves 3, deformed body, speed 2, tough skin 3
a: Potion Petition, Call Merchant, Bribe Branch, Renounce Religion


You were on level 8 of the Dungeon.
You worshipped Gozag.
Gozag was noncommittal.
You were very full.

You visited 2 branches of the dungeon, and saw 9 of its levels.

You collected 1059 gold pieces.
You spent 264 gold pieces at shops.
You paid 757 gold pieces to Gozag.

Inventory:

Hand Weapons
 a - a +6 dagger of venom (weapon)
 d - a +2 quarterstaff of chaos
 s - a +1 mace of holy wrath
 w - a +0 blowgun
 y - a cursed -3 blowgun
 C - a +0 whip of electrocution
Missiles
 e - 141 arrows
 g - 101 bolts
 i - 222 stones (quivered)
 j - 42 poisoned needles
 n - 111 sling bullets
 H - 4 tomahawks
Armour
 o - a +0 ring mail of fire resistance
 r - a +0 helmet (worn)
 u - a +0 buckler
 x - a +1 cloak (worn)
 D - a cursed -2 leather armour
 I - the +1 robe "Lasatet" (worn) {SInv}
   (You took it off an orc on level 5 of the Dungeon)

   It lets you see invisible.
Jewellery
 m - a ring of protection from magic (left hand)
Wands
 B - a wand of digging (6/24)
 K - a wand of iceblast (9/15)
Scrolls
 f - a scroll of recharging
 t - 3 scrolls of blinking
 z - a scroll of amnesia
 A - a scroll of remove curse
 E - a scroll of identify
Potions
 h - 3 potions of curing
 k - 2 potions of heal wounds
 v - a potion of haste
 F - a potion of flight
 G - a potion of brilliance
 J - a potion of might
Books
 b - a book of Air

   Spells                             Type                      Level
   a - Shock                          Conjuration/Air              1
   b - Swiftness                      Charms/Air                   2
   c - Repel Missiles                 Charms/Air                   2
   d - Static Discharge               Conjuration/Air              3
   e - Lightning Bolt                 Conjuration/Air              5
Miscellaneous
 p - a plain deck of summoning
Comestibles
 c - 6 bread rations
 l - 5 meat rations
 q - 3 royal jellies


   Skills:
 * Level 2.0 Fighting
 * Level 2.2 Dodging
 - Level 1.2 Stealth
 - Level 9.0 Spellcasting
 - Level 5.6 Conjurations
 - Level 6.5 Air Magic


You had 21 spell levels left.
You knew the following spells:

 Your Spells              Type           Power        Failure   Level  Hunger
a - Shock                 Conj/Air       ####         1%          1    None
b - Static Discharge      Conj/Air       ####....     2%          3    None
c - Repel Missiles        Chrm/Air       ###...       3%          2    None


Dungeon Overview and Level Annotations

Branches:
Dungeon (8/15)             Temple (1/1) D:4
   Lair: D:8-11

Altars:
Ashenzari
Cheibriados
Dithmenos
Elyvilon
Fedhas
Gozag
Kikubaaqudgha
Makhleb
Nemelex Xobeh
Okawaru
Pakellas
Qazlal
Ru
Sif Muna
Trog
Vehumet
Xom
Yredelemnul
Zin
The Shining One

Shops:
D:7 }   D:8 **


Innate Abilities, Weirdness & Mutations

You have hooves in place of feet.
Armour fits poorly on your strangely shaped body.
You cover ground very quickly.
You have extremely tough skin (AC +3).


Message History

Casting: Static Discharge
Confirm with . or Enter, or press ? or * to list all spells.
The ogre is struck by lightning.
The ogre is almost dead.
The lightning grounds out.
The ice beast is struck by lightning.
The ice beast is severely wounded.
The lightning arcs!
You are struck by lightning.
* * * LOW HITPOINT WARNING * * *
The lightning grounds out.
The howler monkey skeleton is struck by lightning.
The lightning arcs!
You are struck by lightning.
* * * LOW HITPOINT WARNING * * *
The lightning arcs!
The ogre is struck by lightning.
You kill the ogre!
Your Fighting skill increases to level 2!
The lightning grounds out.
The ice beast hits you.
* * * LOW HITPOINT WARNING * * *
The ice beast freezes you!
You die...
Your body crumbles into a pile of gold.

...........)##<∩#..####[##.#
#..> ########....##)!#..#
#.#..###..$ #######....##
#.Y.Y.##... ####....#
#)PP.Z...## #....#..##
##..∩P.#..# #####....#
#..P...#..## #....#
#[.........# #.Z..#
#....##....# #$@..#
#....##..... #..Y.#
#.........## ######
#.....##### #....## #....#
#....


You could see an ice beast and a howler monkey skeleton.

Vanquished Creatures
  A moth of wrath (D:6)
  A queen bee (D:8)
  A hippogriff (D:7)
  An orc warrior (D:6)
  A sky beast (D:6)
  2 ice beasts
  5 ogres
  4 centaurs
  2 crocodiles (D:8)
  A big kobold (D:8)
  3 giant frogs
  2 scorpions
  16 killer bees
  A howler monkey (D:6)
  2 crimson imps (D:5)
  A jelly (D:7)
  A quasit (D:5)
  9 orc priests
  2 hounds
  12 orc wizards
  Crazy Yiuf (D:3)
  Natasha (thrice) (D:3)
  An iguana (D:8)
  6 worker ants
  2 hound skeletons
  2 worker ant zombies
  Robin (D:3)
  9 adders
  2 oozes (D:1)
  An adder zombie (D:5)
  3 adder skeletons
  8 worms
  4 dart slugs
  3 giant geckos
  48 orcs
  4 giant cockroaches
  21 goblins
  10 hobgoblins
  9 jackals
  2 quokkas
  3 ball pythons
  8 bats
  8 giant newts
  15 kobolds
  2 quokka skeletons
  A quokka zombie (D:8)
  14 rats
259 creatures vanquished.

Vanquished Creatures (others)
  A giant cockroach (D:4)
  A fungus (D:3)
  3 plants (D:8)
5 creatures vanquished.

Grand Total: 264 creatures vanquished

Notes
Turn   | Place    | Note
--------------------------------------------------------------
     0 | D:1      | Chiseanne the Centaur Air Elementalist began the quest for the Orb.
     0 | D:1      | Reached XP level 1. HP: 14/14 MP: 3/3
   182 | D:1      | Reached skill level 1 in Conjurations
   377 | D:1      | Reached XP level 2. HP: 16/20 MP: 0/4
   633 | D:1      | Reached skill level 2 in Spellcasting
   937 | D:1      | You fall through a shaft!
   939 | D:2      | Reached XP level 3. HP: 26/26 MP: 3/6
  1484 | D:2      | Chiseanne: !beem help
  1484 | D:2      | beem: I'm a bot that sends commands to the DCSS IRC knowledge bots. For details, see https://github.com/gammafunk/beem/blob/master/docs/commands.md and to have me watch your games on this server, type: !beem subscribe
  1484 | D:2      | Chiseanne: !lm
  1484 | D:2      | beem: 35925. [2016-10-04 03:46:24] Chiseanne the Gusty (L2 CeAE) fell down a shaft to D:2 on turn 937. (D:1)
  1632 | D:2      | Learned a level 3 spell: Static Discharge
  1635 | D:2      | Learned a level 2 spell: Repel Missiles
  1637 | D:2      | Found a faded altar to an unknown god.
  1698 | D:2      | Found a white marble altar of Elyvilon.
  2471 | D:2      | Reached XP level 4. HP: 30/33 MP: 1/7
  3162 | D:3      | Chiseanne: !won
  3162 | D:3      | beem: Chiseanne has won 19 times in 7423 games (0.26%): 7xDsWz 3xDsWn 2xMiMo 1xCeHu 1xCeWn 1xFoFi 1xMiBe 1xMuAr 1xSpAs 1xVSMo
  3259 | D:3      | Noticed Natasha
  3274 | D:3      | Killed Natasha
  3576 | D:3      | Reached XP level 5. HP: 38/38 MP: 4/8
  3804 | D:3      | Noticed Robin
  3815 | D:3      | Noticed Natasha
  3815 | D:3      | Killed Robin
  4197 | D:3      | Found a sparkling altar of Nemelex Xobeh.
  4359 | D:3      | Killed Natasha
  4680 | D:3      | Noticed Natasha
  5099 | D:3      | Killed Natasha
  5324 | D:3      | Reached XP level 6. HP: 45/45 MP: 2/10
  5339 | D:3      | Reached skill level 3 in Spellcasting
  5567 | D:3      | Noticed Crazy Yiuf
  5585 | D:3      | Killed Crazy Yiuf
  6307 | D:4      | Reached XP level 7. HP: 44/50 MP: 12/12
  6425 | D:4      | Found a staircase to the Ecumenical Temple.
  6529 | D:4      | Got a pitted mace
  6578 | Temple   | Entered the Ecumenical Temple
  6870 | D:4      | Reached skill level 5 in Air Magic
  6956 | D:4      | Found a radiant altar of Vehumet.
  7793 | D:5      | Entered Level 5 of the Dungeon
  7904 | D:5      | Reached skill level 4 in Spellcasting
  8343 | D:5      | Reached XP level 8. HP: 57/57 MP: 14/14
  8574 | D:5      | Reached skill level 5 in Conjurations
  8952 | D:5      | Got a tattered robe
  8982 | D:5      | Identified the +1 robe "Lasatet" {SInv} (You took it off an orc on level 5 of the Dungeon)
  9668 | D:5      | Found an opulent altar of Gozag.
  9668 | D:5      | Found a snail-covered altar of Cheibriados.
  9673 | D:5      | Became a worshipper of Gozag Ym Sagoz the Greedy
 10225 | D:6      | Reached skill level 5 in Spellcasting
 10431 | D:6      | Found a shattered altar of Ashenzari.
 11124 | D:6      | Reached skill level 6 in Spellcasting
 11124 | D:6      | Reached XP level 9. HP: 62/62 MP: 16/18
 11234 | D:6      | Noticed a moth of wrath
 11258 | D:6      | Found a bloodstained altar of Trog.
 11520 | D:6      | Killed a moth of wrath
 11710 | D:7      | Reached skill level 7 in Spellcasting
 12066 | D:7      | Found Onworrai's Gadget Emporium.
 12586 | D:8      | Noticed a queen bee
 13059 | D:8      | Reached skill level 8 in Spellcasting
 13653 | D:8      | Found Yxinit's Assorted Antiques.
 14029 | D:8      | Bought a scroll of amnesia for 38 gold pieces
 14029 | D:8      | Bought a potion of might for 44 gold pieces
 14032 | D:8      | Identified the cursed +3 mace "Yzoss" {antimagic, rC- Str+6} (You found it on level 4 of the Dungeon)
 14473 | D:8      | Reached XP level 10. HP: 56/69 MP: 5/22
 14599 | D:8      | Reached skill level 9 in Spellcasting
 14682 | D:8      | Reached skill level 1 in Fighting
 15095 | D:8      | Bought a crooked ivory wand for 104 gold pieces
 15095 | D:8      | Bought a potion of curing for 78 gold pieces
 15264 | D:8      | Slain by an ice beast

Skill      XL: |  1  2  3  4  5  6  7  8  9 10 |
---------------+-------------------------------+-----
Conjurations   | 1 2 3 4 5 |  5.6
Air Magic      | 3 4 5 6 |  6.5
Spellcasting   | 2 3 4 6 8 9 |  9.0
Fighting       | 2 |  2.0
Dodging        | 2 |  2.2
Stealth        | |  1.2

Action                   |  1- 3 |  4- 6 |  7- 9 | 10-12 || total
-------------------------+-------+-------+-------+-------++-------
Melee: Mace              |    45 |    23 |       |       ||    68
       Kick              |     6 |    12 |    40 |     4 ||    62
       Dagger            |       |    46 |   273 |    11 ||   330
 Cast: Shock             |    69 |   169 |   272 |    43 ||   553
       Repel Missiles    |     1 |     1 |     1 |       ||     3
       Static Discharge  |     1 |       |    24 |    14 ||    39
Invok: Call Merchant     |       |       |     1 |       ||     1
Evoke: Wand              |       |       |     1 |       ||     1
  Use: Scroll            |     4 |     5 |    15 |       ||    24
       Potion            |     1 |     1 |     3 |     1 ||     6
  Eat: Chunk             |     4 |    14 |     8 |       ||    26
       Beef jerky        |       |       |     3 |       ||     3
       Bread ration      |       |       |     2 |       ||     2
       Pizza             |       |       |     1 |       ||     1
       Royal jelly       |       |       |     1 |     4 ||     5
Armor: Robe              |    18 |    25 |   118 |    11 ||   172
Dodge: Dodged            |    27 |    41 |   157 |    18 ||   243
       Deflected         |       |     2 |     4 |       ||     6
